 Dungeon Crawl Stone Soup version 0.22.1-1-ga44c0e56f4 (webtiles) character file.

7 PikkenKukken the Insei (level 2, 0/18 HPs)
             Began as an Octopode Transmuter on Oct 3, 2018.
             Slain by a gnoll
             ... wielding a +0 club
              (3 damage)
             ... on level 1 of the Dungeon.
             The game lasted 00:03:48 (397 turns).

PikkenKukken the Insei (Octopode Transmuter)         Turns: 397, Time: 00:03:49

Health: 0/18       AC:  1    Str:  9    XL:     2   Next: 0%
Magic:  5/5        EV: 13    Int: 15    God:
Gold:   24         SH:  0    Dex: 12    Spells: 4/5 levels left

rFire    . . .     SeeInvis .     - Unarmed
rCold    . . .     Gourm    .   (no shield)
rNeg     . . .     Faith    .   (helmet restricted)
rPois    .         Spirit   .   (no amulet)
rElec    .         Reflect  .   (no ring)
rCorr    .         Harm     .   (no ring)
MR       .....                  (no ring)
Stlth    ++........             (no ring)
HPRegen  0.06/turn              (no ring)
MPRegen  0.09/turn              (no ring)
                                (no ring)
                                (no ring)

@: no status effects
A: almost no armour, stealthy swim, amphibious, 8 rings, constrict 8, camouflage
1, gelatinous body 1
a: no special abilities


You were on level 1 of the Dungeon.
You were not hungry.

You visited 1 branch of the dungeon, and saw 1 of its levels.

You collected 24 gold pieces.

Inventory:

Missiles
 a - 12 arrows
 b - 25 stones (quivered)
Jewellery
 e - an uncursed ring of stealth {unknown}
Potions
 f - a potion of haste {unknown}
Comestibles
 c - a ration


   Skills:
 - Level 1.0 Fighting
 - Level 2.0 Dodging
 - Level 3.0 Unarmed Combat
 - Level 2.0 Spellcasting
 + Level 2.6 Transmutations


You had 4 spell levels left.
You knew the following spells:

 Your Spells              Type           Power        Failure   Level  Hunger
a - Beastly Appendage     Tmut           #.....       8%          1    #......

Your spell library contained the following spells:

 Spells                   Type           Power        Failure   Level  Hunger
 Sticks to Snakes         Tmut           #.......     11%         2    ###....
 Spider Form              Tmut/Pois      #.........   36%         3    ###....
 Ice Form                 Ice/Tmut       #.......     77%         4    #####..
 Blade Hands              Tmut           #.........   90%         5    ######.


Dungeon Overview and Level Annotations

Branches:
Dungeon (1/15)

Altars:


Innate Abilities, Weirdness & Mutations

You cannot wear most types of armour.
You are very stealthy in the water. (Stealth+)
You are amphibious.
You can wear up to eight rings at the same time.
You can use your tentacles to constrict eight enemies at once.
Your skin changes colour to match your surroundings (Stealth+).
Your rubbery body absorbs attacks. (AC +1, EV +1)


Message History

You have reached level 2!
Your tentacle spike disappears.
All of the chunks of flesh in your inventory have rotted away.
The kobold throws a stone.
The stone closely misses you.
The kobold throws a stone.
The stone barely misses you.
The kobold throws a stone.
The stone misses you.
The kobold throws a stone.
The stone barely misses you.
You see here a stone.
You see here a short sword.
The kobold closely misses you. The kobold barely misses you.
You see here a short sword.
The kobold hits you with a club.
* * * LOW HITPOINT WARNING * * *
Memorise Sticks to Snakes, consuming 2 spell levels and leaving 2?
The kobold barely misses you.
You start memorising the spell.
You continue memorising. x2
The kobold closely misses you. The gnoll hits you with a club.
Your memorisation is interrupted.
You die...

.##..#####.#######... #.#
......................#.#
##.#####....####..##..#.#
#.. #....+ .......#.# #.##
#....# #..##..#.#
#..###....# #..##..#.#
#........####..##[.#.#
#..#......g....##..#.#
#..#.....@K).........#####
#..#..#'#####.###.........
#.........g...# #.######.#
.# ##.#..#.####### #.# #.#
# #.# #.#..#.....# #.# #.#
# #.## #....#.....# #.#
#.# # #..####...#(....#
#.# #.# #
#..#.##.(.......# #.# #.#
# #....###..#.###.# #.#
#.#


You could see a gnoll and a kobold.

Vanquished Creatures
  A dart slug (D:1)
  A goblin (D:1)
  A hobgoblin (D:1)
  A bat (D:1)
  A frilled lizard (D:1)
5 creatures vanquished.

Notes
Turn   | Place    | Note
-------+----------+-------------------------------------------
     0 | D:1      | PikkenKukken the Octopode Transmuter began the quest for
                  | the Orb.
     0 | D:1      | Reached XP level 1. HP: 13/13 MP: 3/3
   336 | D:1      | Reached XP level 2. HP: 1/18 MP: 5/5
   397 | D:1      | Slain by a gnoll

Action                   || total
-------------------------++-------
Melee: Unarmed           ||    11
       Constrict         ||     4
       Kick              ||     3
       Tentacles         ||     3
 Cast: Beastly Appendage ||     5
Armor: Skin              ||     3
Dodge: Dodged            ||    26
